Unix NetHack Version 5.0.0-0 post-release - last build May 31 2026 23:59:36 (970b52f25bf058293b47ddfd14a1e40e571c508c,branch:main).

Game began 2026-06-02 06:02:02, ended 2026-06-03 22:49:45.

Enkindle23, chaotic female elven Wizard

                     -----------------------------------
                     |............%....................|
                     |..----------------------------...|
                     |..|...................^......|...|
                     |...........(...<%....[.......|...----
                     |..|....................^.....---...*|
                     |..|............%.........)....)|....|
                     |--------------------------------..---
                     |.................%......**........|
                     |..------------------------------..-
                     |..|                            |...
                     |..|                            ---
                     |..----
                     |......
                     -------

Enkindle23 the Thaumaturge  St:14 Dx:14 Co:13 In:20 Wi:11 Ch:9  Chaotic
Dlvl:12 $:241 HP:0(52) Pw:81(97) AC:5  Xp:8 T:4336  Satiated

Latest messages:
 You hit the gnomish wizard!
 You hit the gnomish wizard!
 The water troll picks up a thonged club.
 The gnomish wizard points all around, then curses.
 In what direction? 4
 The spell hits the gnomish wizard!
 You kill the gnomish wizard!
 The spell misses the water troll.
 The spell hits it!
 What do you want to zap? [cfjsO or ?*] ?
 In what direction? 4
 The magic missile hits the water troll.
 The magic missile hits it.
 The water troll wields a thonged club!
 The water troll secures the tether on the thonged club.
 The magic missile hits the water troll!
 The magic missile hits the water troll!
 The water troll picks up a slime mold.
 You hit the water troll!
 The water troll swings his thonged club.
 The water troll hits!
 The water troll hits!
 The water troll bites!
 In what direction? 4
 The spell hits the water troll!
 The spell hits it!
 You destroy it!
 The water troll picks up a sling.
 What do you want to drink? [tuv or ?*] >
 You don't have that object.
 What do you want to drink? [tuv or ?*] ?
 Never mind.
 In what direction? 4
 The spell hits the water troll!
 You kill the water troll!
 There are several objects here.
 p - a green gem.
 You hear someone reading a scroll of teleportation.
 The flaming sphere explodes!
 Boom!
 You are caught in the flaming sphere's explosion!
 Your cloak smoulders!
 Your dark green potion boils and explodes!
 Call a dark green potion: ?
 The flaming sphere's explosion is fatal.
 Do you want your possessions identified? [ynq] (y) y
 Do you want to see your attributes? [ynq] (y) y
 Do you want an account of creatures vanquished? [ynaq] (y) y
 Do you want to see your conduct and achievements? [ynq] (y) y
 Do you want to see the dungeon overview? [ynq] (y) y

Inventory:
 Coins    ('$')
  $ - 241 gold pieces
 Weapons  (')')
  B - 8 +0 darts
  U - 5 +0 daggers
  i - a +0 elven dagger
  a - a blessed +2 quarterstaff (weapon in hands)
 Armor    ('[')
  J - an uncursed +0 pair of speed boots (being worn)
  b - an uncursed burnt +1 cloak of magic resistance (being worn)
  N - an uncursed +0 studded leather armor (being worn)
 Comestibles  ('%')
  C - an uncursed candy bar labeled "Fruity Oaty"
  g - an uncursed carrot
  r - an uncursed food ration
  d - 2 uncursed tins of french fried elf meat
  A - 2 uncursed lichen corpses
 Spellbooks  ('+')
  q - an uncursed spellbook of create monster
 Potions  ('!')
  u - an uncursed potion of confusion
  v - an uncursed potion of object detection
 Rings    ('=')
  o - an uncursed ring of see invisible
 Wands    ('/')
  O - a wand of light (0:15)
  s - a wand of light (0:11)
  f - a wand of magic missile (0:1)
  j - a wand of magic missile (0:0)
  c - a wand of teleportation (0:4)
 Tools    ('(')
  S - an empty uncursed bag of holding
  e - an uncursed brass lantern
  y - an uncursed oil lamp (lit)
  E - an uncursed skeleton key
  M - an uncursed tin opener
  z - a +0 unicorn horn
 Gems/Stones  ('*')
  k - an uncursed agate stone
  F - an uncursed black opal
  l - 2 uncursed worthless pieces of blue glass
  p - an uncursed worthless piece of green glass
  m - an uncursed worthless piece of orange glass
  n - an uncursed worthless piece of red glass
  D - 2 uncursed worthless pieces of violet glass
  h - an uncursed worthless piece of white glass
  w - 2 uncursed worthless pieces of yellowish brown glass

Enkindle23 the Wizard's attributes:

Background:
 You were a Thaumaturge, a level 8 female elven Wizard.
 You were chaotic, on a mission for Anhur
 who was opposed by Ptah (lawful) and Thoth (neutral).
 You were right-handed.
 You were in the Gnomish Mines, on level 12.
 You entered the dungeon 4336 turns ago.
 It was nighttime.
 You had 1783 experience points, 777 more were needed to attain level 9.

Basics:
 You had 0 out of 52 hit points.
 You had 81 out of 97 energy points (spell power).
 Your armor class was 5.
 Your wallet contained 241 zorkmids.
 Autopickup was off.

Final Characteristics:
 Your strength was 14 (limit:18).
 Your dexterity was 14 (limit:18).
 Your constitution was 13 (limit:16).
 Your intelligence was 20 (limit:20).
 Your wisdom was 11 (limit:20).
 Your charisma was 9 (limit:18).

Final Status:
 You were satiated.
 You were unencumbered.
 You were wielding a quarterstaff.
 You had expert skill with quarterstaff.

Final Attributes:
 You were fervently aligned.
 You were magic-protected.
 You were sleep resistant.
 You were telepathic.
 You had infravision.
 You were invisible.
 You were warded.
 You were very fast.
 You are dead.

Miscellaneous:
 You encountered 1 bones level.
 Total elapsed playing time was 1 hour, 17 minutes and 38 seconds.

Major events:
 Turn
    1: Enkindle23 the chaotic female elven Wizard entered the dungeon
 1544: attained the rank of Conjurer (level 3)
 1703: entered the Gnomish Mines
 2723: attained the rank of Thaumaturge (level 6)
 3513: reached Mine Town
 4336: burned by a flaming sphere's explosion

Spells:
 Name                 Level Category     Fail Retention
 force bolt             1   attack         0%   71%-80%
 sleep                  3   enchantment    0%   71%-80%
 levitation             4   escape        84%  76%-100%
 turn undead            6   clerical      98%  76%-100%
 create monster         2   clerical      15%  76%-100%

Skills:
 Fighting Skills
   bare handed combat [Unskilled]
   riding             [Unskilled]
 Weapon Skills
   dagger             [Unskilled]
   knife              [Unskilled]
   axe                [Unskilled]
   short sword        [Unskilled]
   club               [Unskilled]
   mace               [Unskilled]
   quarterstaff       [Expert]
   polearms           [Unskilled]
   spear              [Unskilled]
   trident            [Unskilled]
   sling              [Unskilled]
   dart               [Unskilled]
   shuriken           [Unskilled]
 Spellcasting Skills
   attack spells      [Basic]
   healing spells     [Unskilled]
   divination spells  [Unskilled]
   enchantment spells [Basic]
   clerical spells    [Unskilled]
   escape spells      [Unskilled]
   matter spells      [Unskilled]

Voluntary challenges:
 Character rerolling was not enabled.
 You never genocided any monsters.
 You never polymorphed an object.
 You never changed form.
 You used no wishes.
Achievements:
 You entered a shop.
 You attained the rank of Conjurer.
 You entered the Gnomish Mines.
 You attained the rank of Thaumaturge.
 You entered Minetown.
 You entered a temple.

 The Dungeons of Doom: levels 1 to 8
    Level 1:
    Level 2:
       A general store, an altar, a fountain, many trees.
    Level 3:
       A general store.
    Level 4:
       Stairs down to The Gnomish Mines.
    Level 5:
       A sink.
       Final resting place for
          Paulette-Val-Dwa-Fem-Law, killed by a pony.
    Level 6:
       A sink.
    Level 7:
       Many fountains.
       Oracle of Delphi.
    Level 8:
 The Gnomish Mines: levels 5 to 12
    Level 5:
    Level 6:
    Level 7:
       Many shops, a temple and an altar, some fountains, some trees.
    Level 8:
    Level 9:
    Level 10:
    Level 11:
    Level 12: <- You were here.
       Final resting place for
          you, burned by a flaming sphere's explosion.


Vanquished creatures:
  a lich
  a water troll
  a ghost
  a small mimic
  a flaming sphere
  a gremlin
  2 gnome rulers
  a yeti
  a white unicorn
  4 fire ants
  a water nymph
  a mountain nymph
  a rock piercer
 16 gnome leaders
  a gnomish wizard
  a guardian naga hatchling
  a giant ant
  a floating eye
  2 kittens
 13 dwarves
  8 hill orcs
  3 rothes
  a rabid rat
  2 giant bats
  a wererat
 an iguana
 an acid blob
  3 hobbits
  a large kobold
  a hobgoblin
  3 giant rats
  a yellow mold
  a green mold
 29 gnomes
  3 garter snakes
  2 geckos
  4 jackals
  a fox
  3 kobolds
  5 goblins
  4 sewer rats
 12 grid bugs
  4 lichens
  a kobold zombie
  8 newts
155 creatures vanquished.

No species were genocided or became extinct.

Game over:
                       ----------
                      /          \
                     /    REST    \
                    /      IN      \
                   /     PEACE      \
                  /                  \
                  |    Enkindle23    |
                  |      241 Au      |
                  |   burned by a    |
                  | flaming sphere's |
                  |    explosion     |
                  |                  |
                  |       2026       |
                 *|     *  *  *      | *
        _________)/\\_//(\/(/\)/\//\/|_)_______

Goodbye Enkindle23 the Wizard...

You burned in The Gnomish Mines on dungeon level 12 with 7959 points,
and 241 pieces of gold, after 4336 moves.
You were level 8 with a maximum of 52 hit points when you burned.

